 Dungeon Crawl Stone Soup version 0.30-a0-476-g330ca2eb8e (webtiles) character file.

Game seed: 18050178873518756405

77 tilp the Covered (level 4, -15/40 HPs)
             Began as a Meteoran Fighter on Dec 21, 2022.
             Demolished by an ogre
             ... wielding a +0 giant club
              (23 damage)
             ... on level 4 of the Dungeon.
             The game lasted 00:03:25 (579 turns).

tilp the Covered (Meteoran Fighter)                  Turns: 579, Time: 00:03:25

Health: -15/40     AC:  9    Str: 17    XL:     4   Next: 89%
Magic:  5/5        EV:  7    Int:  9    God:
Gold:   99         SH:  5    Dex: 16    Spells: 3/3 levels left

rFire   . . .      SeeInvis .    a - +0 long sword
rCold   . . .      Faith    .    c - +0 buckler
rNeg    . . .      Spirit   .    k - +0 chain mail
rPois   .          Reflect  .    (no helmet)
rElec   .          Harm     .    (no cloak)
rCorr   .          Rampage  .    (no gloves)
Will    .....                    (no boots)
Stlth   ..........               (no amulet)
HPRegen 0.26/turn                (no ring)
MPRegen 0.09/turn                (no ring)

@: glowing
A: sense surroundings 1, otherworldly, glowing, explore regen
a: no special abilities


You were on level 4 of the Dungeon.
You visited 1 branch of the dungeon, and saw 4 of its levels.

You collected 99 gold pieces.

Inventory:

Hand Weapons
 a - a +0 long sword (weapon)
Missiles
 e - 25 stones (quivered)
Armour
 b - a +0 scale mail
 c - a +0 buckler (worn)
 k - a +0 chain mail (worn)
Scrolls
 d - a scroll of magic mapping {unknown}
 g - a scroll of fear {unknown}
 h - a scroll of enchant armour {unknown}
 i - a scroll of identify {unknown}
 j - a scroll of brand weapon {unknown}
 l - a scroll of teleportation {unknown}
 m - a scroll of immolation {unknown}
 n - 2 scrolls of acquirement {unknown}
 p - a scroll of blinking {unknown}
Potions
 f - a potion of degeneration {unknown}
 o - a potion of berserk rage {unknown}


   Skills:
 + Level 3.7 Fighting
 + Level 2.8 Long Blades
 + Level 1.1 Throwing
 - Level 4.0 Armour
 * Level 2.3 Dodging
 + Level 0.7 Stealth
 + Level 3.9 Shields


You had 3 spell levels left.
You didn't know any spells.
Your spell library contained the following spells:

 Spells                   Type           Power      Damage    Failure   Level
 Apportation              Tloc           0%         N/A       100%        1
 Necrotise                Necr           0%         1d4       100%        1
 Summon Small Mammal      Summ           0%         N/A       100%        1


Dungeon Overview and Level Annotations

Branches:
Dungeon (4/15) Zot: 1789
 Temple: D:4-7

Altars:


Innate Abilities, Weirdness & Mutations

You passively map a small area around you.
You are easily found by Zot.
You glow in the dark.
You regain HP and MP as you explore.


Message History

Press: ? - help, Q - select action Shift-Dir - straight line, f/p - ogre
Aim: an ogre, wielding a +0 giant club (lightly wounded, poisoned, 75% to hit)
You throw a stone. The stone completely misses the ogre.
Unknown command.
Throw: 27 stones
Press: ? - help, Q - select action Shift-Dir - straight line, f/p - ogre
Aim: an ogre, wielding a +0 giant club (lightly wounded, poisoned, 75% to hit)
You throw a stone. The stone barely misses the ogre.
Unknown command.
Throw: 26 stones
Press: ? - help, Q - select action Shift-Dir - straight line, f/p - ogre
Aim: an ogre, wielding a +0 giant club (lightly wounded, poisoned, 75% to hit)
You throw a stone.
The stone hits the ogre but does no damage.
The ogre is lightly wounded.
The dart slug launches a dart at you.
The slug dart hits you but does no damage.
Unknown command.
You hit the ogre.
The ogre is moderately wounded.
The ogre barely misses you.
You completely miss the ogre.
The ogre is moderately wounded.
The ogre looks more healthy.
The ogre hits you with a +0 giant club!!
Ouch! That really hurt!
The dart slug launches a dart at you. The slug dart misses you.
You barely miss the ogre.
The ogre is moderately wounded.
The ogre hits you with a +0 giant club!
* * * LOW HITPOINT WARNING * * *
The dart slug launches a dart at you.
The slug dart hits you but does no damage.
Unknown command.
You hit the ogre.
The ogre is moderately wounded.
The ogre hits you with a +0 giant club!!
Ouch! That really hurt!
You die...

#######
##.....##
##.......##
#....@w...# ,
#.♣).O..♣.# *
###.........#
#!....♣.♣...#
#.#.........# #
* #
#.♣..(..♣.... *
#....<....... *
...#...(...#...
*##.....##


You could see an ogre and a dart slug.

Vanquished Creatures
  A hound (D:3)
  An adder (D:3)
  4 dart slugs
  An orc (D:3)
  2 endoplasms (D:1)
  2 goblins
  A hobgoblin (D:3)
  3 kobolds
  A quokka (D:2)
  4 ball pythons
  5 bats
  2 frilled lizards
  2 rats
29 creatures vanquished.

Notes
Turn   | Place    | Note
-------+----------+-------------------------------------------
     0 | D:1      | tilp the Meteoran Fighter began the quest for the Orb.
     0 | D:1      | Reached XP level 1. HP: 19/19 MP: 2/2
    52 | D:1      | Reached XP level 2. HP: 20/26 MP: 3/3
   140 | D:1      | Reached skill level 1 in Dodging
   228 | D:2      | Reached XP level 3. HP: 31/31 MP: 4/4
   453 | D:4      | Noticed an ogre
   477 | D:3      | Reached skill level 1 in Throwing
   477 | D:3      | Reached skill level 4 in Armour
   477 | D:3      | Reached XP level 4. HP: 5/39 MP: 5/5
   579 | D:4      | Demolished by an ogre

Illustrated notes

Levels and vault maps discovered:
D:1:      erik_arrival_orb_chamber, layout_basic, minmay_misc_feat_four_crosses,
          minmay_misc_feat_tiny, serial_park_tiny_pond
D:2:      layout_loops_cross, serial_shops, shop_fountains,
          dreamdust_princess_bridge
D:3:      layout_basic, uniq_crazy_yiuf_cottage
D:4:      minmay_skewed_foursquare, layout_basic, jmf_multi_god_temple2,
          grunt_ministairs_10

Skill      XL: |  1  2  3 |
---------------+----------+-----
Dodging        | 1 2 |  2.3
Throwing       | 1 |  1.1
Armour         | 4 |  4.0
Fighting       | |  3.7
Long Blades    | |  2.8
Stealth        | |  0.7
Shields        | |  3.9

Action                   |  1- 3 |  4- 6 || total
-------------------------+-------+-------++-------
Melee: Long sword        |    74 |    24 ||    98
Throw: Stone             |     1 |     3 ||     4
       Dart              |       |     2 ||     2
  Use: Potion            |     1 |       ||     1
Armor: Scale mail        |    23 |       ||    23
       Chain mail        |    27 |     9 ||    36
Dodge: Dodged            |    35 |     7 ||    42
Block: Buckler           |    33 |     4 ||    37

Table legend: (Time is in decaauts)
 A = Elapsed time spent in this place.
 B = Non-inter-level travel time spent in this place.
 C = Inter-level travel time spent in this place.
 D = Time resting spent in this place.
 E = Time spent auto-exploring this place.
 F = Levels seen in this place.
 G = Mean time per level.
                   A        B        C        D        E       F      G
               +--------+--------+--------+--------+--------+-----+--------+
         Total |    609 |    567 |     42 |      0 |      0 |   4 |  152.2 |
       Dungeon |    609 |    567 |     42 |      0 |      0 |   4 |  152.2 |
               +--------+--------+--------+--------+--------+-----+--------+

Top non-repeatable levels by time:
     D:1: 238 daAuts
     D:3: 199 daAuts
     D:2: 157 daAuts
     D:4: 14 daAuts
